 Dungeon Crawl Stone Soup version 0.30-b1-2-g02819fbbbe (webtiles) character file.

Game seed: 5597760253586215540

46 Mesmaeker13 the Magician (level 3, -1/21 (27) HPs)
             Began as an Armataur Hedge Wizard on May 29, 2023.
             Slain by a gnoll
             ... wielding a +0 halberd
              (9 damage)
             ... on level 2 of the Dungeon.
             The game lasted 00:04:17 (1988 turns).

Mesmaeker13 the Magician (Armataur Hedge Wizard)    Turns: 1988, Time: 00:04:18

HP:   -1/21 (27)    AC:  7    Str: 15    XL:     3   Next: 46%
MP:   7/7           EV:  9    Int: 16    God:
Gold: 98            SH:  0    Dex:  9    Spells: 5/8 levels left

rFire   . . .        a - +0 dagger
rCold   . . .        (no shield)
rNeg    . . .        b - +0 robe
rPois   .            c - +0 hat
rElec   .            (no cloak)
rCorr   .            f - +2 pair of gloves
SInv    .            (no barding)
Will    .....        (no amulet)
Stlth   ++           (no ring)
HPRegen 0.23/turn    (no ring)
MPRegen 0.10/turn

%: roll
@: heavily drained
A: large, rugged brown scales 3, deformed body, armoured tail, roll, long
tongue, awkward tongue
a: no special abilities


You were on level 2 of the Dungeon.
You visited 1 branch of the dungeon, and saw 2 of its levels.

You collected 98 gold pieces.

Inventory:

Hand Weapons
 a - a +0 dagger (weapon)
 e - a +0 sling
Armour
 b - a +0 robe (worn)
 c - a +0 hat (worn)
 f - a +2 pair of gloves (worn)
 j - a +0 buckler
Scrolls
 h - a scroll of summoning {unknown}
 l - a scroll of vulnerability {unknown}
 m - 2 scrolls of identify {unknown}
Potions
 d - a potion of magic
 g - 3 potions of attraction {unknown}
 i - a potion of cancellation {unknown}
 k - 2 potions of degeneration {unknown}
 n - 2 potions of curing {unknown}


   Skills:
 - Level 1.3 Dodging
 + Level 2.9 Stealth
 + Level 3.0 Spellcasting
 + Level 1.6 Conjurations
 - Level 0.7 Summonings
 + Level 0.2 Necromancy
 - Level 1.0 Translocations
 + Level 0.7 Air Magic
 + Level 0.6 Poison Magic


You had 5 spell levels left.
You knew the following spells:

 Your Spells              Type           Power      Damage    Failure   Level
a - Magic Dart            Conj           28%        1d4       10%         1
b - Cigotuvi's Dreadful   Necr/Pois/Air  8%         N/A       22%         2

Your spell library contained the following spells:

 Spells                   Type           Power      Damage    Failure   Level
 Shock                    Conj/Air       24%        1d4       12%         1
 Slow                     Hex            8%         N/A       19%         1
 Blink                    Tloc           10%        N/A       19%         2
 Call Imp                 Summ           8%         N/A       22%         2
 Mephitic Cloud           Conj/Pois/Air  5%         N/A       36%         3
 Swiftness                Air            4%         N/A       38%         3
 Airstrike                Air            2%         2d(1-17)  80%         4


Dungeon Overview and Level Annotations

Branches:
Dungeon (2/15)

Altars:

Annotations:
D:2 3 exclusions


Innate Abilities, Weirdness & Mutations

You are completely covered in rugged brown scales. (AC +3, +7% HP)
Armour fits poorly on your strangely shaped body.
You have a long armoured tail.
You roll when moving toward enemies. (Rampage)
Your long tongue fully drains potion bottles. (2x potion effects)
Your tongue gives you trouble enunciating. (1.5x scroll delay)


Message History

Aiming: Magic Dart (safe; 10% risk of failure)
Press: ? - help, Shift-Dir - straight line, f - gnoll
Aim: a gnoll, wielding a +0 halberd (wandering, hasn't noticed you, 100% to hit)
The magic dart hits the gnoll.
The gnoll is lightly wounded.
The gnoll shouts!
A giant cockroach comes into view.
An endoplasm comes into view.
The endoplasm quivers.
The endoplasm moves out of view.
You roll towards the giant cockroach!
You hit the giant cockroach.
The giant cockroach is severely wounded.
The giant cockroach bites you.
The giant cockroach bites you but does no damage.
You hit the giant cockroach but do no damage.
Your tail-slap misses the giant cockroach.
The giant cockroach is severely wounded.
The giant cockroach bites you.
You closely miss the giant cockroach.
Your tail-slap misses the giant cockroach.
The giant cockroach is severely wounded.
The giant cockroach barely misses you.
You completely miss the giant cockroach.
The giant cockroach is severely wounded.
The giant cockroach bites you but does no damage.
You closely miss the giant cockroach.
The giant cockroach is severely wounded.
The giant cockroach barely misses you.
The gnoll hits you from afar with a +0 halberd!
Ouch! That really hurt!
You hit the giant cockroach but do no damage.
Your tail-slap misses the giant cockroach.
The giant cockroach is severely wounded.
The giant cockroach barely misses you. The gnoll barely misses you.
The gnoll hits you with a +0 whip.
The giant cockroach bites you but does no damage.
You hit the giant cockroach.
You kill the giant cockroach!
The gnoll hits you from afar with a +0 halberd!
You die...

##........#.# #.
##.......#.# #.
##......#.# #.
#......#.# #(
..############'########†
........................
................#######.
#.#######.# #..
#@#....##.# #..
#†g.......## ##..
#g.....##...###...
#..######.#.....##
...........# #.###.<##
######..##.....###.>###
...# ............ ##..#
##.####.### #..# #.# #h


You could see 2 gnolls.

Vanquished Creatures
  An adder (D:2)
  2 worms (D:2)
  3 ball pythons (D:1)
  An endoplasm (D:1)
  3 giant cockroaches (D:2)
  3 hobgoblins
  8 jackals
  3 frilled lizards
  5 goblins
  A kobold (D:2)
30 creatures vanquished.

Notes
Turn   | Place    | Note
-------+----------+-------------------------------------------
     0 | D:1      | Mesmaeker13 the Armataur Hedge Wizard began the quest for
                  | the Orb.
     0 | D:1      | Reached XP level 1. HP: 14/14 MP: 4/4
    48 | D:1      | Reached skill level 1 in Conjurations
   369 | D:1      | Reached XP level 2. HP: 18/21 MP: 3/5
   372 | D:1      | Learned a level 2 spell: Cigotuvi's Dreadful Rot
  1090 | D:2      | Reached skill level 3 in Spellcasting
  1163 | D:2      | Reached XP level 3. HP: 27/27 MP: 4/7
  1292 | D:2      | HP: 1/23 [worm (4)]
  1988 | D:2      | Slain by a gnoll

Illustrated notes

Levels and vault maps discovered:
D:1:      lightli_arrival_quake, layout_basic
D:2:      layout_basic, grunt_ministairs_8

Skill      XL: |  1  2 |
---------------+-------+-----
Conjurations   | 1 |  1.6
Spellcasting   | 3 |  3.0
Dodging        | |  1.3
Stealth        | |  2.9
Summonings     | |  0.7
Necromancy     | |  0.2
Translocations | |  1.0
Air Magic      | |  0.7
Poison Magic   | |  0.6

Action                     || total
---------------------------++-------
  Melee: Dagger            ||   101
         Tailslap          ||    11
         Punch             ||     1
   Cast: Magic Dart        ||    64
         Cigotuvi's Dreadf ||     3
   Stab: Sleeping          ||     1
 Armour: Robe              ||    56
  Dodge: Dodged            ||    37
